 Dungeon Crawl Stone Soup version 0.29-a0-553-g81b289dbe5 (webtiles) character file.

Game seed: 7944360333829222845

952 grumblor the Fighter (level 7, -11/62 HPs)
             Began as a Mummy Fighter on June 6, 2022.
             Was an Initiate of Gozag.
             Engulfed by a cloud of flame (16 damage)
             ... on level 5 of the Dungeon.
             The game lasted 00:08:00 (6198 turns).

grumblor the Fighter (Mummy Fighter)                Turns: 6198, Time: 00:08:00

Health: -11/62     AC: 14    Str: 22    XL:     7   Next: 90%
Magic:  16/16      EV: 22    Int:  7    God:    Gozag
Gold:   356        SH:  5    Dex: 11    Spells: 6/6 levels left

rFire   x . .      SeeInvis .   t - +2 hand axe (vorpal)
rCold   + . .      Faith    .   c - +1 buckler
rNeg    + + +      Spirit   .   n - +0 chain mail
rPois   ∞          Reflect  .   (no helmet)
rElec   .          Harm     .   o - +2 cloak {rCorr}
rCorr   +          Rampage  .   i - +1 pair of gloves
Will    .....                   (no boots)
Stlth   ..........              m - amulet of the acrobat
HPRegen 0.20/turn               q - ring of magical power
MPRegen 0.15/turn               (no ring)

@: acrobatic, studying Translocations
A: cold resistance 1, negative energy resistance 3, torment resistance 2, heat
vulnerability 1, in touch with death 1, no potions
a: Renounce Religion, Potion Petition, Call Merchant, Bribe Branch


You were on level 5 of the Dungeon.
You worshipped Gozag.
Gozag was aware of your devotion.
You visited 2 branches of the dungeon, and saw 6 of its levels.

You collected 444 gold pieces.
You paid 88 gold pieces to Gozag.

Inventory:

Hand Weapons
 a - a +0 war axe
 t - a +2 vorpal hand axe (weapon)
Missiles
 d - 7 boomerangs
 e - 10 poisoned darts (quivered)
 k - 3 boomerangs of dispersal
 p - 3 javelins
Armour
 c - a +1 buckler (worn)
 i - a +1 pair of gloves (worn)
 n - a +0 chain mail (worn)
 o - a +2 cloak of preservation (worn)
Jewellery
 h - a ring of fire
 m - an amulet of the acrobat (around neck)
 q - a ring of magical power (left hand)
 r - the amulet of Elemental Vulnerability {rPois rF-- rC-- AC+8}
   (You found it on level 5 of the Dungeon)

   [amulet of nothing]

   AC:        It affects your AC (+8).
   rF:        It makes you very vulnerable to fire.
   rC:        It makes you very vulnerable to cold.
   rPois:     It protects you from poison.
Wands
 b - a wand of digging (9)
Scrolls
 f - a scroll of fear
 g - 4 scrolls of immolation
 j - a scroll of poison
 l - a scroll of identify
 s - a scroll of fog


   Skills:
 * Level 8.0 Fighting
 - Level 4.0 Axes
 - Level 2.0 Throwing
 - Level 2.4 Armour
 - Level 2.4 Shields


You had 6 spell levels left.
You didn't know any spells.
Your spell library was empty.

Dungeon Overview and Level Annotations

Branches:
Dungeon (5/15)             Temple (1/1) D:4

Altars:
Ashenzari
Dithmenos
Elyvilon
Fedhas
Gozag
Hepliaklqana
Kikubaaqudgha
Makhleb
Nemelex Xobeh
Okawaru
Qazlal
Ru
Sif Muna
Trog
Uskayaw
Wu Jian
Yredelemnul
The Shining One

Shops:
D:5 =

Annotations:
D:5 1 transporter


Innate Abilities, Weirdness & Mutations

You are immune to poison.
Your flesh is cold resistant. (rC+)
You are immune to negative energy. (rN+++)
You are immune to unholy pain and torment.
You are vulnerable to heat. (rF-)
You are in touch with the powers of death.
You do not drink.


Message History

You slash something! Something hits you but does no damage.
You closely miss something. Something hits you but does no damage.
You closely miss something. You miss something. Something hits you!
You barely miss something. Something hits you!
You slash something!
Reactivating autopickup.
You feel a bit more experienced.
Your Fighting skill increases to level 8!
You now have 356 gold pieces (gained 7).
Things that are here:
a +0 scythe; a +0 robe; a white potion You open the door.
Found a stone staircase leading down.
There is an open door here.
There is a stone staircase leading up here.
There is an open door here.
Found a transporter.
Found a potion of resistance.
There is a transporter here.
There is a transporter here.
There is a transporter landing site here.
Okay, then.
There is a transporter here.
You enter the transporter and appear at another place.
You see here a potion of resistance.
You see here a potion of resistance.
You open the gate.
You are engulfed in blazing flames.
The fire bat closely misses you.
There is an open gate here.
You barely miss the fire bat.
You are engulfed in blazing flames.
The fire bat bites you but does no damage.
Unknown command.
You are engulfed in blazing flames.
* * * LOW HITPOINT WARNING * * *
The fire bat closely misses you.
There is an open gate here.
You are engulfed in blazing flames.
You die...
Your body crumbles into a pile of gold.

...#......#...#....#.##..........
.###..#.).#####....#.########.#'#
####...................######.#.#
...............#######...........
........########○°°○°#.######.#.#
....###.#☼°°○○☼#○☼☼☼°#.### #.#..
.)..+...#○.○°○°#☼.○°°#...####.##.
....#...#°°#.#.○○°.$!#.....<...'.
#####..©#○°©!..b@☼.?©#©..#######.
##..#○☼#.#.°°○.$[#..## #...
#..#.☼☼○.☼#.○°☼☼#### #...
#########○☼°°☼○#☼☼°°☼## ####...
.....# ########°○○°°# ##..###.
.....### ###########..#...#
.......# #...........#.....
.....#.# #...........#..∩..
.....#.# ##############....#.....


You could see a fire bat.

Vanquished Creatures
  Sigmund (D:5)
  A black bear (D:5)
  An ogre (D:5)
  2 centaurs (D:4)
  2 scorpions (D:4)
  A howler monkey (D:5)
  A jelly (D:5)
  Crazy Yiuf (D:3)
  An orc priest (D:3)
  A gnoll shaman (D:5)
  An iguana (D:5)
  5 gnolls (D:5)
  4 adders
  A white imp (D:5)
  An ufetubus (D:5)
  2 worms
  3 dart slugs
  6 orcs
  2 endoplasms
  4 giant cockroaches
  7 goblins
  4 hobgoblins
  2 quokkas
  9 ball pythons
  8 bats
  6 frilled lizards
  3 kobolds (D:1)
  3 rats
83 creatures vanquished.

Vanquished Creatures (others)
  5 fungi
  A plant (D:4)
6 creatures vanquished.

Grand Total: 89 creatures vanquished

Notes
Turn   | Place    | Note
-------+----------+-------------------------------------------
     0 | D:1      | grumblor the Mummy Fighter began the quest for the Orb.
     0 | D:1      | Reached XP level 1. HP: 18/18 MP: 1/1
   316 | D:1      | Reached XP level 2. HP: 19/24 MP: 2/2
  1005 | D:1      | Found a faded altar of an unknown god.
  1144 | D:2      | Gained mutation: You are in touch with the powers of death.
                  | [Mummy growth]
  1144 | D:2      | Reached XP level 3. HP: 30/30 MP: 3/3
  1275 | D:2      | Found a blossoming altar of Fedhas.
  2089 | D:3      | Reached skill level 4 in Fighting
  2198 | D:3      | Reached XP level 4. HP: 13/37 MP: 4/4
  2652 | D:3      | Identified the +7 whip of Racedei {vorpal, Str+2 Dex+2}
  2814 | D:3      | Identified the +6 mace of Wounding {holy, rPois Will+}
  3014 | D:3      | Reached skill level 1 in Throwing
  3431 | D:3      | Found a runed translucent door.
  3432 | D:3      | Noticed Crazy Yiuf
  3439 | D:3      | Killed Crazy Yiuf
  3440 | D:3      | Reached XP level 5. HP: 15/43 MP: 5/5
  4180 | D:4      | Noticed a centaur
  4181 | D:4      | Noticed a centaur
  4190 | D:4      | Killed a centaur
  4191 | D:4      | Reached XP level 6. HP: 31/49 MP: 6/6
  4193 | D:4      | Reached skill level 5 in Fighting
  4583 | D:4      | Found a staircase to the Ecumenical Temple.
  4594 | Temple   | Entered the Ecumenical Temple
  4672 | Temple   | Became a worshipper of Gozag Ym Sagoz the Greedy
  5062 | D:5      | Entered Level 5 of the Dungeon
  5269 | D:5      | Reached skill level 6 in Fighting
  5269 | D:5      | Reached XP level 7. HP: 54/58 MP: 7/7
  5285 | D:5      | Found the amulet of Elemental Vulnerability {rPois rF--
                  | rC-- AC+8}
  5400 | D:5      | Found Waxt's One-of-a-Kind Rings.
  5579 | D:5      | Reached skill level 7 in Fighting
  5655 | D:5      | Found a transporter.
  5655 | D:5      | Noticed a fire bat
  5832 | D:5      | Noticed Sigmund
  5855 | D:5      | Killed Sigmund
  5856 | D:5      | Reached skill level 8 in Fighting
  6119 | D:5      | Found a transporter.
  6198 | D:5      | Engulfed by a cloud of flame

Illustrated notes

Levels and vault maps discovered:
D:1:      dpeg_arrival_tiny_b, layout_basic,
          shapermc_ecumenical_altar_acropolis, minmay_cupped
D:2:      layout_basic, basic_altar
D:3:      layout_basic, minmay_misc_feat_encased, uniq_crazy_yiuf_cottage
D:4:      layout_loops_corners, minmay_temple_entry_drinking_statues,
          hangedman_abyss_or_decor_lesser_grid, fountainhead,
          hangedman_decor_diamond_cutter, chequers_big_river,
          small_statue_intersection, minmay_manual_mares
D:5:      gammafunk_cloud_chamber, layout_basic, glass_columns_c,
          nicolae_shop_unique_rings, chequers_mini_garden, uniq_sigmund
Temple:   regret_index_temple_sigil_plot

Skill      XL: |  1  2  3  4  5  6  7 |
---------------+----------------------+-----
Axes           | 2 3 4 |  4.0
Fighting       | 4 6 8 |  8.0
Throwing       | 1 2 |  2.0
Armour         | |  2.4
Shields        | |  2.4

Action                   |  1- 3 |  4- 6 |  7- 9 || total
-------------------------+-------+-------+-------++-------
Melee: War axe           |   130 |   101 |    41 ||   272
       Hand axe          |       |       |    14 ||    14
Throw: Dart              |       |     7 |       ||     7
       Javelin           |       |     5 |       ||     5
       Boomerang         |       |     5 |       ||     5
  Use: Scroll            |     4 |     2 |     4 ||    10
Armor: Scale mail        |    78 |    15 |       ||    93
       Chain mail        |       |    63 |    38 ||   101
Dodge: Dodged            |    76 |    55 |    32 ||   163
Block: Buckler           |    35 |    27 |     9 ||    71

Table legend: (Time is in decaauts)
 A = Elapsed time spent in this place.
 B = Non-inter-level travel time spent in this place.
 C = Inter-level travel time spent in this place.
 D = Time resting spent in this place.
 E = Time spent auto-exploring this place.
 F = Levels seen in this place.
 G = Mean time per level.
                   A        B        C        D        E       F      G
               +--------+--------+--------+--------+--------+-----+--------+
         Total |   6320 |   6026 |    294 |    232 |   4807 |   6 | 1053.3 |
       Dungeon |   6226 |   5947 |    279 |    232 |   4754 |   5 | 1245.2 |
        Temple |     93 |     78 |     15 |      0 |     53 |   1 |   93.0 |
               +--------+--------+--------+--------+--------+-----+--------+

Top non-repeatable levels by time:
     D:3: 1653 daAuts
     D:4: 1295 daAuts
     D:5: 1156 daAuts
     D:1: 1142 daAuts
     D:2: 978 daAuts
  Temple: 93 daAuts
